 Dungeon Crawl Stone Soup version 0.30.0-7-g0c4daa9e05 (webtiles) character file.

Game seed: 8865258233151426882

28215 Gabide the Brawler (level 13, 0/98 HPs)
             Began as a Demonspawn Wanderer on May 13, 2023.
             Was a Plaything of Xom.
             Slain by a merfolk
             ... wielding a +0 trident
              (12 damage)
             ... on level 3 of the Lair of Beasts.
             The game lasted 00:23:44 (15640 turns).

Gabide the Brawler (Demonspawn Wanderer)           Turns: 15640, Time: 00:23:44

Health: 0/98       AC: 18    Str: 24    XL:     13   Next: 8%
Magic:  13/13      EV: 16    Int: 16    God:    Xom [*.....]
Gold:   922        SH:  4    Dex: 23    Spells: 12/12 levels left

rFire   . .          .
                       - Unarmed
rCold   x . .        (no shield)
rNeg    . . .        y - +3 ring mail
rPois   +            e - +1 hat {Int+3}
rElec   .            p - +0 cloak
rCorr   .            s - +0 pair of gloves
SInv    .            u - +2 pair of boots
Will    .....        c - amulet "Oxkuag" {Faith Str+3 Int+3 Stlth-} Stlth
                     o - +4 ring of slaying
HPRegen 0.36/turn    w - +6 ring of dexterity
MPRegen 0.13/turn

%: random rage (3%), faith
@: no status effects
A: icy blue scales 2, powered by death 1, condensation shield, weakness stinger
2, beak, claws 1, agile 1, berserk 1, poison resistance, shaggy fur 1, strong 1,
wild magic 1, cold vulnerability 1, MP-powered wands, noise suppression
a: Renounce Religion


You were on level 3 of the Lair of Beasts.
You worshipped Xom.
You were a special plaything of Xom.
You visited 3 branches of the dungeon, and saw 14 of its levels.

You collected 1204 gold pieces.
You spent 282 gold pieces at shops.

Inventory:

Missiles
 d - 23 poisoned darts
Armour
 e - a +1 hat of intelligence (worn)
 p - a +0 cloak (worn)
 s - a +0 pair of gloves (worn)
 u - a +2 pair of boots (worn)
 y - a +3 ring mail (worn)
Jewellery
 c - the amulet "Oxkuag" (around neck) {Faith Str+3 Int+3 Stlth-}
   (You acquired it on level 2 of the Dungeon)

   [amulet of faith]

   It allows you to gain divine favour quickly.
   Str:       It affects your strength (+3).
   Int:       It affects your intelligence (+3).
   Stlth:     It makes you less stealthy.
 o - a +4 ring of slaying (left hand)
 w - a +6 ring of dexterity (right hand)
 B - an amulet of reflection
Wands
 i - a wand of polymorph (9)
 k - a wand of digging (9)
 t - a wand of paralysis (21) (quivered)
 x - a wand of flame (19)
Scrolls
 a - 2 scrolls of immolation
 b - 3 scrolls of butterflies
 f - 2 scrolls of fear
 m - a scroll of amnesia
 n - 2 scrolls of blinking
 r - a scroll of fog
 z - 2 scrolls of poison
 D - a scroll of magic mapping {unknown}
Potions
 g - 2 potions of attraction
 h - a potion of brilliance
 l - 2 potions of flight
 q - 3 potions of ambrosia
 v - a potion of lignification
 A - a potion of resistance
 C - 2 potions of curing
Miscellaneous
 j - a tin of tremorstones (2/2)


   Skills:
 + Level 8.3 Fighting
 - Level 1.0 Throwing
 - Level 1.7 Armour
 + Level 6.4 Dodging
 * Level 18.2 Unarmed Combat


You had 12 spell levels left.
You didn't know any spells.
Your spell library contained the following spells:

 Spells                   Type           Power      Damage    Failure   Level
 Apportation              Tloc           0%         N/A       45%         1
 Freeze                   Ice            0%         1d3       45%         1
 Shock                    Conj/Air       0%         1d3       45%         1
 Frozen Ramparts          Ice            0%         1d1       82%         3
 Hailstorm                Conj/Ice       0%         3d3       82%         3
 Inner Flame              Hex/Fire       0%         N/A       82%         3
 Swiftness                Air            0%         N/A       82%         3
 Vhi's Electric Charge    Tloc/Air       0%         N/A       82%         3
 Airstrike                Air            0%         2d(0-16)  99%         4
 Alistair's Intoxication  Tmut/Pois      0%         N/A       100%        5
 Arcjolt                  Conj/Air       0%         1d10      100%        5
 Yara's Violent Unravell  Hex/Tmut       0%         3d3       100%        5
 Enfeeble                 Hex            0%         N/A       100%        7
 Maxwell's Capacitive Co  Air            0%         ∞         100%        8


Dungeon Overview and Level Annotations

Branches:
Dungeon (10/15)            Temple (1/1) D:7            Lair (3/5) D:10
 Shoals (0/4) Lair:3          Orc (0/2) D:9
  Snake: Lair:2-3    Spider: Lair:2-3

Altars:
Ashenzari
Cheibriados
Dithmenos
Fedhas
Gozag
Hepliaklqana
Kikubaaqudgha
Makhleb
Nemelex Xobeh
Okawaru
Qazlal
Ru
Sif Muna
Trog
Uskayaw
Vehumet
Wu Jian
Xom
Yredelemnul

Shops:
D:1 [   D:2 [   D:4 (   D:8 *

Annotations:
D:4 1 exclusion
Lair:2 1 runed translucent door, Haxyobbu's ghost, journeyman MiFi


Innate Abilities, Weirdness & Mutations

You are mostly covered in icy blue scales. (AC +3)
You regenerate a little health from kills.
A meltable shield of frost defends you. (SH +4)
You have a tail ending in a sharp stinger.
You have a beak for a mouth.
You have sharp fingernails.
You are agile. (Dex +4, Str/Int -1)
You sometimes lose your temper in combat.
Your system is resistant to poisons. (rPois)
You are covered in fur. (AC +1)
Your muscles are strong. (Str +4, Int/Dex -1)
Your spells are a little harder to cast, but a little more powerful.
You are vulnerable to cold. (rC-)
You expend magic power (3 MP) to strengthen your wands.
You passively dampen the noise of your surroundings.


Message History

You are too injured to fight recklessly!
You are too injured to fight recklessly!
Unknown command.
Your unstable footing causes you to fumble your attack.
You block the merfolk's attack. The merfolk barely misses you.
Your crimson imp closely misses the merfolk.
You punch the merfolk! You peck the merfolk!
The merfolk is moderately wounded.
The merfolk misses you.
Your unstable footing causes you to fumble your attack.
The merfolk misses you.
Your crimson imp closely misses the merfolk.
You hit the merfolk. You peck the merfolk.
The merfolk is heavily wounded.
The merfolk misses you. The merfolk closely misses you.
Your unstable footing causes you to fumble your attack.
Your crimson imp barely misses the merfolk.
The merfolk closely misses you.
You pummel the merfolk!! You tail-slap the merfolk.
The merfolk is almost dead.
The merfolk hits you but does no damage.
Your crimson imp hits the merfolk but does no damage.
You barely miss the merfolk. You tail-slap the merfolk.
You kill the merfolk!
The merfolk hits you with a +0 trident.
Your crimson imp blinks!
The merfolk hits you with a +0 trident!
* * * LOW HITPOINT WARNING * * *
The merfolk hits you with a +0 trident!
* * * LOW HITPOINT WARNING * * *
Things that are here:
a +0 trident; a boomerang; a merfolk corpse You miss the merfolk.
You peck the merfolk.
Your tail-slap misses the merfolk.
The merfolk is lightly wounded.
Unknown command.
You closely miss the merfolk.
Your tail-slap misses the merfolk.
The merfolk is lightly wounded.
The merfolk hits you with a +0 trident!
You die... "I guess I need a new plaything now."

...............................
#.......####....##...####...#..
#.......## #...###..## #...###
.........###..## #### #...##.#
.........##...###...# ##..###.
#.......P######..#>#.. #.....#
#.......#####...~5~~~ #......
#........☼5.#5m~~# ~~.#......
P.......##.55~@# #.~.......
#...........5### ###.......
#...........5.. ...[......
#..##.##..#..#..# #.P#.......
### ###...#.##..# ......#...#
##...## ... ....###.#.# ....
.## .#. #..## #. .. P # ... ∆


You could see a merfolk (ally target), 2 friendly iron imps, 3 friendly crimson
imps and a friendly white imp (summoned).

Vanquished Creatures
  Gastronok (D:10)
  Erica (D:8)
  9 death yaks
  2 two-headed ogres
  Lodul (D:10)
  A manticore (D:9)
  3 elephants (Lair:2)
  A merfolk siren (Lair:3)
  Maggie (D:10)
  7 cane toads
  A rime drake (Lair:2)
  5 komodo dragons
  A troll (D:10)
  A meliai (Lair:1)
  2 merfolk (Lair:3)
  Prince Ribbit (D:5)
  3 polar bears
  Grinder (D:3)
  7 blink frogs (Lair:2)
  A wyvern (Lair:3)
  3 basilisks
  2 steam dragons
  24 yaks
  2 vampire mosquitoes (D:10)
  5 water moccasins
  Duvessa (D:4)
  4 ice beasts
  A sky beast (D:6)
  6 orc warriors
  4 black bears
  9 ogres
  A boggart (D:10)
  4 wolves (Lair:1)
  2 phantoms
  6 centaurs
  A kobold brigand (D:9)
  7 bullfrogs
  Blork the orc (D:5)
  3 wights (D:7)
  4 killer bees (D:10)
  4 electric eels
  3 hounds
  3 jellies
  8 orc priests
  3 iguanas
  Crazy Yiuf (D:3)
  A sleepcap (D:7)
  Natasha (thrice) (D:4)
  14 orc wizards
  5 hell rats (Lair:3)
  3 gnolls (D:3)
  6 adders
  4 white imps (D:7)
  An ufetubus (D:7)
  3 worms
  64 orcs
  7 bats
  11 endoplasms
  3 giant cockroaches (D:4)
  7 goblins
  4 hobgoblins
  13 jackals
  12 kobolds
  9 quokkas
  6 ball pythons
  3 frilled lizards
  A rat (D:1)
342 creatures vanquished.

Vanquished Creatures (collateral kills)
  A komodo dragon (Lair:3)
  A yak (Lair:1)
2 creatures vanquished.

Grand Total: 344 creatures vanquished

Notes
Turn   | Place    | Note
-------+----------+-------------------------------------------
     0 | D:1      | Gabide the Demonspawn Wanderer began the quest for the Orb.
     0 | D:1      | Gabide set off with the following items: a +0 dagger, a
                  | scroll of butterflies, a potion of lignification, 10
                  | poisoned darts, a potion of haste, a scroll of fear, a +0
                  | robe.
     0 | D:1      | Reached XP level 1. HP: 19/19 MP: 1/1
    85 | D:1      | Reached skill level 3 in Unarmed Combat
   269 | D:1      | Gained mutation: You have a small tail. [demonic ancestry]
   269 | D:1      | Reached XP level 2. HP: 25/25 MP: 2/2
   591 | D:1      | Found Fuog's Antique Armour Shop.
  1040 | D:2      | Gained mutation: You regenerate a little health from kills.
                  | [demonic ancestry]
  1040 | D:2      | Reached XP level 3. HP: 30/30 MP: 3/3
  1094 | D:2      | Reached skill level 4 in Unarmed Combat
  1162 | D:2      | You fall into a shaft and drop 1 floor!
  1163 | D:3      | Noticed Grinder
  1261 | D:3      | Found a runed translucent door.
  1262 | D:3      | Noticed Crazy Yiuf
  1270 | D:3      | Killed Crazy Yiuf
  1271 | D:3      | Reached XP level 4. HP: 36/37 MP: 4/4
  1356 | D:3      | Paralysed by Grinder for 3 turns
  1360 | D:3      | Killed Grinder
  1361 | D:3      | Reached skill level 6 in Unarmed Combat
  1361 | D:3      | Reached XP level 5. HP: 42/42 MP: 5/5
  1361 | D:3      | Reached XP level 6. HP: 48/48 MP: 6/6
  1681 | D:2      | Found Nowaon Bushra's Antique Armour Boutique.
  1709 | D:2      | Found a shadowy altar of Dithmenos.
  2113 | D:2      | Identified a scroll of acquirement
  2113 | D:2      | Acquired the amulet "Oxkuag" {Faith Str+3 Int+3 Stlth-}
  2379 | D:2      | Bought a pair of gloves for 117 gold pieces
  2595 | D:3      | Reached skill level 7 in Unarmed Combat
  2753 | D:4      | Found an ornate altar of the Wu Jian Council.
  2764 | D:4      | Found an opulent altar of Gozag.
  2766 | D:4      | Noticed Natasha
  2777 | D:4      | Killed Natasha
  2799 | D:4      | Found Dakhuzxyigh's Antique Weapon Emporium.
  2932 | D:4      | Noticed Duvessa
  2933 | D:4      | Noticed Dowan
  2964 | D:4      | Killed Duvessa
  2965 | D:4      | Reached XP level 7. HP: 45/54 MP: 7/7
  2968 | D:4      | Dowan changed into Dowan the hound
  2968 | D:4      | Noticed Dowan
  2974 | D:4      | Killed Dowan the hound
  3031 | D:4      | Found a shadowy altar of Dithmenos.
  3049 | D:4      | Found a sacrificial altar of Ru.
  3127 | D:4      | Found a shimmering altar of Xom.
  3193 | D:4      | Found a burning altar of Makhleb.
  3241 | D:4      | Noticed Natasha
  3260 | D:4      | Killed Natasha
  3261 | D:4      | Reached skill level 8 in Unarmed Combat
  3434 | D:4      | Noticed Natasha
  3446 | D:4      | Killed Natasha
  3545 | D:5      | Entered Level 5 of the Dungeon
  3734 | D:5      | Found a bloodstained altar of Trog.
  3752 | D:5      | Reached skill level 9 in Unarmed Combat
  3752 | D:5      | Gained mutation: You have a tail ending in a sharp stinger.
                  | [demonic ancestry]
  3752 | D:5      | Reached XP level 8. HP: 34/60 MP: 8/8
  3845 | D:5      | Noticed Prince Ribbit
  3859 | D:5      | Killed Prince Ribbit
  3908 | D:5      | Noticed Blork the orc
  3919 | D:5      | Killed Blork the orc
  4026 | D:5      | Reached skill level 10 in Unarmed Combat
  4369 | D:5      | Noticed Sigmund
  4371 | D:5      | Sigmund changed into Sigmund the steam dragon
  4371 | D:5      | Noticed Sigmund
  4377 | D:5      | Killed Sigmund the steam dragon
  5002 | D:6      | Reached skill level 11 in Unarmed Combat
  5115 | D:6      | Reached XP level 9. HP: 61/65 MP: 9/9
  6266 | D:7      | Reached skill level 12 in Unarmed Combat
  6289 | D:7      | Found a blossoming altar of Fedhas.
  7053 | D:7      | Found a staircase to the Ecumenical Temple.
  7170 | Temple   | Entered the Ecumenical Temple
  7486 | D:4      | Became a worshipper of Xom of Chaos
  7909 | D:1      | Bought a pair of glowing boots for 165 gold pieces
  8119 | D:8      | Noticed Erica
  8125 | D:8      | XOM: potion effect (curing)
  8135 | D:8      | HP: 3/65 [something (2)]
  8359 | D:8      | XOM: cloud trail
  8498 | D:8      | Reached skill level 13 in Unarmed Combat
  8609 | D:8      | Found Vesk's Assorted Antiques.
  8611 | D:8      | XOM: scenery: 1 doors open
  8615 | D:8      | Killed Erica
  8616 | D:8      | Gained mutation: You are partially covered in icy blue
                  | scales. (AC +2) [demonic ancestry]
  8616 | D:8      | Reached XP level 10. HP: 56/71 MP: 10/10
  8643 | D:8      | XOM: give mutation
  8643 | D:8      | Gained mutation: Your system is resistant to poisons.
                  | (rPois) [Xom's grace]
  8754 | D:8      | XOM: summons 2 hostile shadow creatures
  9014 | D:9      | XOM: 1-stop teleportation journey
  9148 | D:8      | XOM: scenery: 1 doors close
  9179 | D:8      | XOM: potion effect (attraction)
  9395 | D:9      | Reached skill level 14 in Unarmed Combat
  9480 | D:9      | Noticed a two-headed ogre
  9488 | D:9      | Killed a two-headed ogre
  9519 | D:9      | Found a staircase to the Orcish Mines.
  9550 | D:9      | XOM: divination: detect creatures
  9592 | D:9      | XOM: divination: magic mapping
  9626 | D:9      | XOM: draining
  9668 | D:9      | XOM: potion effect (invisibility)
  9682 | D:9      | XOM: silly message
  9724 | D:9      | Reached skill level 15 in Unarmed Combat
  9853 | D:9      | Found a stormy altar of Qazlal.
  9969 | D:9      | XOM: divination: detect creatures
 10009 | D:9      | Found a hazy altar of Hepliaklqana.
 10063 | D:9      | XOM: chaos cloud
 10239 | D:9      | Noticed a manticore
 10267 | D:9      | XOM: noise
 10273 | D:9      | Killed a manticore
 10475 | D:9      | XOM: confusion
 10481 | D:9      | XOM: stat loss: -1 Int (14/15)
 10554 | D:10     | Entered Level 10 of the Dungeon
 10592 | D:10     | XOM: give mutations
 10592 | D:10     | Gained mutation: You have a beak for a mouth. [Xom's
                  | mischief]
 10592 | D:10     | Gained mutation: You are agile. (Dex +4, Str/Int -1) [Xom's
                  | mischief]
 10592 | D:10     | Gained mutation: Your spells are a little harder to cast,
                  | but a little more powerful. [Xom's mischief]
 10592 | D:10     | Noticed Lodul
 10807 | D:10     | XOM: smoke on damage
 10809 | D:9      | XOM: smoke on damage
 10813 | D:9      | XOM: confusion
 10819 | D:9      | Reached XP level 11. HP: 15/77 MP: 11/11
 11125 | D:8      | XOM: cloud trail
 11240 | D:9      | XOM: smoke on damage
 11390 | D:9      | XOM: confusion (+ monsters)
 11474 | D:9      | XOM: silly message
 11490 | D:10     | XOM: silly message
 11496 | D:10     | Killed Lodul
 11563 | D:10     | XOM: 2-stop teleportation journey
 11587 | D:10     | Reached skill level 16 in Unarmed Combat
 11626 | D:10     | XOM: noise
 11678 | D:10     | Found a staircase to the Lair.
 11678 | D:10     | Noticed a two-headed ogre
 11678 | D:10     | XOM: 1-stop teleportation journey
 11680 | D:10     | Found a radiant altar of Vehumet.
 11686 | D:10     | Killed a two-headed ogre
 11865 | D:10     | Noticed Gastronok
 11872 | D:10     | XOM: summons friendly quasit
 11874 | D:10     | XOM: 1-stop teleportation journey
 11882 | D:10     | XOM: stat loss: -1 Dex (23/24)
 11940 | D:10     | XOM: noise
 11954 | D:10     | Killed Gastronok
 11955 | D:10     | Reached skill level 1 in Dodging
 12161 | D:10     | Found a snail-covered altar of Cheibriados.
 12237 | D:10     | XOM: divination: detect items
 12401 | D:10     | XOM: polymorph killer bee -> boggart
 12508 | D:10     | Noticed Maggie
 12520 | D:10     | Killed Maggie
 12636 | Lair:1   | Entered Level 1 of the Lair of Beasts
 12792 | Lair:1   | Reached skill level 5 in Fighting
 13033 | Lair:1   | XOM: 1-stop teleportation journey
 13041 | Lair:1   | XOM: swap monsters
 13052 | Lair:1   | XOM: polymorph yak -> meliai
 13055 | Lair:1   | XOM: smoke on damage
 13057 | Lair:1   | XOM: cast spell 'Summon Dragon'
 13063 | Lair:1   | HP: 3/80 [meliai/divine providence (12)]
 13078 | Lair:1   | XOM: 1-stop teleportation journey
 13288 | Lair:1   | XOM: 1-stop teleportation journey
 13353 | Lair:1   | XOM: 2-stop teleportation journey
 13436 | Lair:1   | XOM: destruction
 13489 | Lair:1   | Noticed a death yak
 13489 | Lair:1   | XOM: potion effect (brilliance)
 13489 | Lair:1   | Noticed a death yak
 13489 | Lair:1   | Noticed a death yak
 13489 | Lair:1   | Noticed a death yak
 13508 | Lair:1   | Noticed a death yak
 13508 | Lair:1   | Noticed a death yak
 13510 | Lair:1   | Killed a death yak
 13528 | Lair:1   | XOM: divination: magic mapping
 13528 | Lair:1   | XOM: butterfly on damage
 13542 | Lair:1   | XOM: summons friendly iron imp
 13554 | Lair:1   | XOM: cleaving
 13555 | Lair:1   | XOM: fog
 13558 | Lair:1   | XOM: divination: detect items
 13562 | Lair:1   | XOM: potion effect (invisibility)
 13564 | Lair:1   | Killed a death yak
 13568 | Lair:1   | XOM: silly message
 13573 | Lair:1   | Killed a death yak
 13574 | Lair:1   | Gained mutation: You are mostly covered in icy blue scales.
                  | (AC +3) [demonic ancestry]
 13574 | Lair:1   | Reached XP level 12. HP: 64/88 MP: 12/12
 13581 | Lair:1   | Killed a death yak
 13582 | Lair:1   | Reached skill level 17 in Unarmed Combat
 13588 | Lair:1   | Killed a death yak
 13596 | Lair:1   | Killed a death yak
 13697 | Lair:1   | XOM: give mutation
 13697 | Lair:1   | Gained mutation: You sometimes lose your temper in combat.
                  | [Xom's mischief]
 13708 | Lair:1   | XOM: stat loss: -1 Dex (23/24)
 14031 | Lair:2   | XOM: give mutations
 14031 | Lair:2   | Gained mutation: You passively dampen the noise of your
                  | surroundings. [Xom's mischief]
 14031 | Lair:2   | Lost mutation: You are agile. (Dex +4, Str/Int -1) [Xom's
                  | mischief]
 14148 | Lair:2   | XOM: 1-stop teleportation journey
 14202 | Lair:2   | Noticed a death yak
 14202 | Lair:2   | Noticed a death yak
 14202 | Lair:2   | Noticed a death yak
 14213 | Lair:2   | XOM: blink monster(s)
 14220 | Lair:2   | XOM: 1-stop teleportation journey
 14223 | Lair:2   | XOM: 1-stop teleportation journey
 14233 | Lair:2   | XOM: cleaving
 14239 | Lair:2   | XOM: noise
 14316 | Lair:2   | XOM: enchant monster (bad)
 14329 | Lair:2   | Reached skill level 5 in Dodging
 14390 | Lair:2   | XOM: polymorph basilisk -> polar bear
 14452 | Lair:2   | XOM: god gift: leather armour {god gift}
 14476 | Lair:2   | XOM: give mutation
 14476 | Lair:2   | Gained mutation: You are vulnerable to cold. (rC-) [Xom's
                  | mischief]
 14533 | Lair:2   | XOM: silly message
 14580 | Lair:2   | XOM: silly message
 14714 | Lair:2   | XOM: god gift: short sword {god gift}
 14731 | Lair:2   | Found a runed translucent door.
 14733 | Lair:2   | Noticed Haxyobbu's ghost (journeyman MiFi)
 14736 | Lair:2   | Identified the +6 spear "Ziabring" {drain, Drain Will+
                  | Int+4}
 14761 | Lair:2   | XOM: god gift: potion of lignification
 14940 | Lair:2   | Killed a death yak
 14943 | Lair:2   | Killed a death yak
 14949 | Lair:2   | XOM: 2-stop teleportation journey
 14953 | Lair:2   | Killed a death yak
 14956 | Lair:2   | XOM: give mutation
 14956 | Lair:2   | Gained mutation: You are covered in fur. (AC +1) [Xom's
                  | grace]
 15118 | Lair:2   | XOM: give mutations
 15118 | Lair:2   | Gained mutation: You have sharp fingernails. [Xom's grace]
 15118 | Lair:2   | Gained mutation: Your muscles are strong. (Str +4, Int/Dex
                  | -1) [Xom's grace]
 15118 | Lair:2   | Gained mutation: You expend magic power (3 MP) to
                  | strengthen your wands. [Xom's grace]
 15118 | Lair:2   | Gained mutation: You are agile. (Dex +4, Str/Int -1) [Xom's
                  | grace]
 15195 | Lair:2   | XOM: cloud trail
 15380 | Lair:3   | XOM: enchant monster (good)
 15386 | Lair:3   | Reached skill level 18 in Unarmed Combat
 15394 | Lair:3   | XOM: scenery: create altars
 15408 | Lair:3   | XOM: divination: detect items
 15423 | Lair:3   | XOM: summons 5 friendly demons
 15559 | Lair:3   | Gained mutation: A meltable shield of frost defends you.
                  | (SH +4) [demonic ancestry]
 15559 | Lair:3   | Reached XP level 13. HP: 97/98 MP: 13/13
 15618 | Lair:3   | XOM: smoke on damage
 15623 | Lair:3   | XOM: summons 9 friendly demons
 15628 | Lair:3   | Found a staircase to the Shoals.
 15640 | Lair:3   | Slain by a merfolk

Illustrated notes

Levels and vault maps discovered:
D:1:      minmay_arrival_four_circles, layout_loops_ring, serial_shops,
          nicolae_shop_behind_doors, nicolae_figureground_pulse
D:2:      layout_loops_ring, serial_shops, shop, basic_altar, minmay_ruptured
D:3:      layout_loops_ring, uniq_crazy_yiuf_cottage, uniq_grinder
D:4:      layout_rooms, lemuel_round_altar, kennysheep_mini,
          nicolae_dithmenos_through_a_glass_darkly, nicolae_gozag_seed_capital,
          nicolae_ru_great_annihilating_truth, nicolae_wu_jian_wuxing_cycle,
          serial_shops, nicolae_shop_tiny_glass, uniq_natasha, uniq_duvessa
D:5:      layout_loops_ring, trog_ov_bears_minmay, uniq_sigmund,
          uniq_blork_the_orc, uniq_prince_ribbit1
D:6:      hellmonk_ruined_rings, layout_basic, grunt_decor_fettered
D:7:      layout_basic, fedhas_altar_2, minmay_temple_entry_fiery
D:8:      layout_gridville, serial_shops, shop, uniq_erica
D:9:      layout_irregular_city, nicolae_qazlal_style_of_elements,
          nzn_hepliaklqana_mist_gate, hiddenorc2_lemuel, nicolae_hexahallways,
          grunt_tough_drop
D:10:     layout_rooms, vehumet_crystals, mainiacjoe_overflow_alcove_4,
          lair_entry_dummy, kennysheep_potato, uniq_maggie, uniq_gastronok,
          uniq_lodul
Temple:   nicolae_temple_bog_church
Lair:1:   layout_roguey, gammafunk_lair_bear_cave
Lair:2:   layout_roguey, ebering_ghost_funeral_grove, lemuel_fruit_tree,
          infiniplex_staircase_pool, serial_bayou_shore_b
Lair:3:   layout_small_grid, elwin_shoals_entry_stream,
          nicolae_spider_entry_lesser_pyramids, portal_ice_cave_rime,
          beast_lair_carwin_1

Skill      XL: |  1  2  3  4  5  6  7  8  9 10 11 12 |
---------------+-------------------------------------+-----
Unarmed Combat | 3 4 6 7 9 11 13 15 16 18 | 18.2
Dodging        | 4 6 |  6.4
Fighting       | 6 8 |  8.3
Throwing       | |  1.0
Armour         | |  1.7

Action                     |  1- 3 |  4- 6 |  7- 9 | 10-12 | 13-15 || total
---------------------------+-------+-------+-------+-------+-------++-------
  Melee: Unarmed           |    85 |   161 |   362 |   636 |    32 ||  1276
         Tailslap          |     8 |     8 |    43 |   135 |     5 ||   199
         Punch             |     5 |     2 |    15 |    67 |     1 ||    90
         Peck              |       |       |       |   129 |    10 ||   139
  Throw: Dart              |    49 |     4 |    46 |     1 |       ||   100
  Evoke: Wand              |     1 |     6 |    17 |     4 |       ||    28
    Use: Scroll            |     2 |     6 |     6 |     6 |       ||    20
         Potion            |       |     2 |     8 |     6 |       ||    16
   Stab: Paralysed         |     4 |       |     2 |     5 |       ||    11
         Sleeping          |       |       |     1 |       |       ||     1
         Invisible         |       |       |       |    26 |       ||    26
         Distracted        |       |       |       |     1 |       ||     1
         Petrified         |       |       |       |     3 |       ||     3
 Armour: Robe              |     9 |       |       |       |       ||     9
         Leather armour    |     6 |    41 |    98 |     1 |       ||   146
         Skin              |       |    11 |     2 |       |       ||    13
         Ring mail         |       |       |       |   200 |     6 ||   206
  Dodge: Dodged            |    40 |    95 |   160 |   325 |    27 ||   647
  Block: Other             |       |       |       |       |     5 ||     5
